 Dungeon Crawl Stone Soup version 0.22-a0-614-g34fbaa0 (webtiles) character file.

298960 Lianjan the Eclecticist (level 20, -3/124 HPs)
             Began as a Deep Elf Fire Elementalist on July 16, 2018.
             Was the Champion of Vehumet.
             Slain by a cyan very ugly thing (23 damage)
             ... on level 3 of the Vaults.
             The game lasted 02:48:56 (56520 turns).

Lianjan the Eclecticist (DEFE)                     Turns: 56520, Time: 02:48:56

Health: -3/124     AC: 21    Str: 11    XL:     20   Next: 13%
Magic:  4/46       EV: 20    Int: 27    God:    Vehumet [******]
Gold:   2651       SH:  0    Dex: 15    Spells: 8/59 levels left

rFire    + + +     SeeInvis .   T - staff of energy
rCold    + . .     Gourm    .   (no shield)
rNeg     . . .     Faith    .   p - quicksilver dragon scales
rPois    .         Spirit   .   e - +2 hat
rElec    .         Reflect  .   y - +1 cloak of Zin's Condemnation {*Corrode rF+++ rC+++}
rCorr    .         Harm     .   D - +0 pair of gloves
MR       +++..                  v - +2 pair of boots
Stlth    +.........             w - amulet of the acrobat
HPRegen  0.30/turn              J - ring of fire
MPRegen  0.30/turn              f - ring of the Foremost Gods {Fire Int+3}

@: lethally poisoned (-3 -> -4), about to teleport, very slightly contaminated,
slowed, very slow
A: no striking features
}: 2/15 runes: decaying, serpentine
a: Renounce Religion


You were on level 3 of the Vaults.
You worshipped Vehumet.
Vehumet was exalted by your worship.
You were not hungry.

You visited 7 branches of the dungeon, and saw 35 of its levels.
You also visited: Ice Cave.

You collected 3412 gold pieces.
You spent 761 gold pieces at shops.

Inventory:

Missiles
 l - 1007 stones
 r - 3 tomahawks of returning (quivered)
 V - 3 throwing nets
Armour
 e - a +2 hat (worn)
 p - quicksilver dragon scales (worn)
 v - a +2 pair of boots (worn)
 y - the +1 cloak of Zin's Condemnation (worn) {*Corrode rF+++ rC+++}
   (You acquired it in an ice cave)

   It renders you almost immune to fire.
   It renders you almost immune to cold.
   It may corrode you when you take damage.
 D - a +0 pair of gloves (worn)
Magical Staves
 T - an uncursed staff of energy (weapon)
Jewellery
 f - the ring of the Foremost Gods (right hand) {Fire Int+3}
   (You bought it in a shop on level 13 of the Dungeon)

   [ring of fire]

   It enhances your fire magic.
   It affects your intelligence (+3).
   It protects you from fire.
   It makes you vulnerable to cold.
 w - an amulet of the acrobat (around neck)
 J - a ring of fire (left hand)
 P - an uncursed ring of flight
 R - an uncursed ring of resist corrosion
Wands
 i - a wand of paralysis (3)
 B - a wand of scattershot (4)
 F - a wand of digging (80)
 N - a wand of iceblast (15)
 Q - a wand of clouds (3)
 X - a wand of disintegration (10)
Scrolls
 h - 16 scrolls of identify
 m - 12 scrolls of teleportation
 q - 5 scrolls of blinking
 x - 3 scrolls of fog
 z - a scroll of holy word
 I - a scroll of summoning
 L - 4 scrolls of amnesia
 M - 2 scrolls of vulnerability
 O - a scroll of silence
 S - 11 scrolls of fear
 U - 5 scrolls of immolation
 W - 3 scrolls of magic mapping
Potions
 a - 4 potions of resistance
 g - 8 potions of flight
 j - 3 potions of brilliance
 k - 10 potions of heal wounds
 o - a potion of ambrosia {unknown}
 u - 5 potions of haste
 A - 5 potions of invisibility
 C - 12 potions of curing
 E - 7 potions of agility
 G - 4 potions of lignification
 H - a potion of berserk rage
 K - 2 potions of cancellation
 Z - 4 potions of might
Miscellaneous
 b - a lamp of fire
 d - a sack of spiders
 n - a crystal ball of energy
 t - a phantom mirror
Comestibles
 c - 20 rations


   Skills:
 + Level 13.3 Fighting
 + Level 7.7 Armour
 - Level 15.5 Dodging
 - Level 2.4 Stealth
 + Level 20.3 Spellcasting
 - Level 14.0 Conjurations
 - Level 10.0 Charms
 - Level 4.4 Necromancy
 - Level 3.8 Translocations
 - Level 17.7 Fire Magic
 * Level 11.1 Air Magic


You had 8 spell levels left.
You knew the following spells:

 Your Spells              Type           Power        Failure   Level  Hunger
a - Flame Tongue          Conj/Fire      #####        0%          1    None
c - Ignition              Fire           ########..   4%          8    None
d - Sticky Flame          Conj/Fire      ########     1%          4    None
e - Fireball              Conj/Fire      ########..   1%          5    None
f - Mephitic Cloud        Conj/Pois/Air  ######..     1%          3    None
g - Blink                 Tloc           N/A          1%          2    None
h - Regeneration          Chrm/Necr      ######....   1%          3    None
i - Bolt of Fire          Conj/Fire      ########..   1%          6    None
j - Orb of Destruction    Conj           #######...   2%          7    None
k - Iron Shot             Conj/Erth      ######....   7%          6    None
l - Deflect Missiles      Chrm/Air       ######....   6%          6    None

Your spell library contained the following spells:

 Spells                   Type           Power        Failure   Level  Hunger
 Magic Dart               Conj           ####         0%          1    None
 Conjure Flame            Conj/Fire      ########     0%          3    None
 Bolt of Magma            Conj/Fire/Erth ########..   1%          5    None
 Slow                     Hex            ####....     4%          2    None
 Confuse                  Hex            ####....     10%         3    None
 Invisibility             Hex            ####....     99%         6    None
 Throw Flame              Conj/Fire      ######       0%          2    None
 Freezing Cloud           Conj/Ice/Air   ######....   4%          6    None
 Ring of Flames           Chrm/Fire      ########..   9%          7    None
 Venom Bolt               Conj/Pois      ######....   1%          5    None
 Olgreb's Toxic Radiance  Pois           ####....     9%          4    None
 Death's Door             Chrm/Necr      ######....   100%        8    None
 Iskenderun's Mystic Bla  Conj           #######.     1%          4    None
 Haunt                    Necr/Summ      #####.....   100%        7    None
 Borgnjor's Revivificati  Necr           ######....   100%        8    None
 Call Imp                 Summ           ####....     4%          2    None
 Sting                    Conj/Pois      ####         1%          1    None
 Tukima's Dance           Hex            ####....     10%         3    None
 Swiftness                Chrm/Air       ######..     1%          2    None
 Spider Form              Tmut/Pois      ####......   10%         3    None
 Blade Hands              Tmut           ####......   65%         5    None
 Ice Form                 Ice/Tmut       ####....     30%         4    None
 Necromutation            Tmut/Necr      #####.....   100%        8    None
 Shadow Creatures         Summ           N/A          99%         6    None
 Confusing Touch          Hex            ####..       3%          1    None
 Passwall                 Tmut/Erth      ####....     4%          2    None
 Sticks to Snakes         Tmut           ####....     4%          2    None
 Call Canine Familiar     Summ           ####....     10%         3    None
 Ensorcelled Hibernation  Hex/Ice        ####..       4%          2    None
 Metabolic Englaciation   Hex/Ice        ####......   65%         5    None
 Summon Butterflies       Summ           ####....     3%          1    None
 Silence                  Hex/Air        ######....   9%          5    None
 Corona                   Hex            ####...      3%          1    None
 Lee's Rapid Deconstruct  Erth           ####......   22%         5    None
 Conjure Ball Lightning   Conj/Air       #######...   1%          6    None
 Petrify                  Tmut/Erth      ####....     30%         4    None
 Passage of Golubria      Tloc           N/A          6%          4    None
 Tornado                  Air            ######....   99%         9    None
 Darkness                 Hex            ####......   99%         6    None
 Shroud of Golubria       Chrm/Tloc      ######....   1%          2    None
 Inner Flame              Hex/Fire       ########     1%          3    None
 Beastly Appendage        Tmut           ####..       3%          1    None
 Iskenderun's Battlesphe  Conj/Chrm      #######.     1%          5    None
 Fulminant Prism          Conj/Hex       ######....   1%          4    None
 Dazzling Spray           Conj/Hex       ######       1%          3    None
 Force Lance              Conj/Tloc      ######..     1%          4    None
 Infusion                 Chrm           ####         1%          1    None
 Song of Slaying          Chrm           ######..     1%          2    None
 Spectral Weapon          Hex/Chrm       ######..     1%          3    None
 Searing Ray              Conj           ######       0%          2    None
 Summon Lightning Spire   Summ/Air       ######..     3%          4    None
 Spellforged Servitor     Conj/Summ      ######....   36%         7    None
 Gell's Gravitas          Tloc           #####.....   1%          3    None
 Yara's Violent Unravell  Hex/Tmut       ####......   22%         5    None
 Infestation              Necr           ######....   100%        8    None
 Poisonous Vapours        Pois/Air       ######       1%          2    None


Dungeon Overview and Level Annotations

Branches:
Dungeon (15/15)            Temple (1/1) D:4            Lair (6/6) D:9
  Swamp (4/4) Lair:2        Snake (4/4) Lair:3        Slime (0/5) Lair:6
    Orc (2/2) D:10            Elf (0/3) Orc:2        Vaults (3/5) D:13
 Depths (0/5) D:15
  Crypt: Vaults:2-3

Altars:
Ashenzari
Cheibriados
Dithmenos
Elyvilon
Fedhas
Kikubaaqudgha
Makhleb
Nemelex Xobeh
Okawaru
Qazlal
Sif Muna
Trog
Vehumet
Wu Jian
The Shining One
Beogh

Shops:
D:10 %   D:13 =*   Orc:2 %(![   Snake:2 [   Snake:3 *   Snake:4 :

Portals:
Hell: Lair:6

Annotations:
D:5 3 runed doors, spacecwb's ghost, novice GrMo; wevryn's ghost, novice OpFi
D:9 1 transporter, vinnietd's ghost, novice TrMo
D:10 2 transporters, wevryn's ghost, journeyman DEFE
D:12 1 runed door
Lair:1 exclusion: 2 oklob plants
Lair:2 1 runed door, skunkjim's ghost, journeyman DrBe
Vaults:2 Donald


Message History

You blink.
You feel sick.
The fire giant points at you and mumbles some strange words.
The fireball explodes!
The fireball engulfs you! You resist.
* * * LOW HITPOINT WARNING * * *
Your surroundings suddenly seem different.
You feel sick.
A cyan very ugly thing comes into view.
The cyan very ugly thing gurgles horribly!
An ironheart preserver comes into view. It is wielding a morningstar.
The ironheart preserver shouts!
The ironheart preserver casts a spell.
The ironheart preserver begins to accept its allies' injuries.
As you read the scroll of teleportation, it crumbles to dust.
You feel strangely unstable.
You feel sick.
The ironheart preserver throws a stone.
The stone completely misses you.
The ironheart preserver throws a stone.
The stone hits you but does no damage. The cyan very ugly thing bites you.
* * * LOW HITPOINT WARNING * * *
The cyan very ugly thing shocks you!!
You die...

. #.. . #....
....##+##......
.......@u......
...............
...............
.....p.........
...............
...............
....#######....
..## ##..


You could see an ironheart preserver and a cyan very ugly thing.

Vanquished Creatures
  the Lernaean hydra (Swamp:4)
  Nikola (Vaults:1)
  Jorgrun (Vaults:1)
  Rupert (Lair:3)
  Gastronok (D:8)
  A thorn hunter (Swamp:4)
  12 nagarajas
  A tengu reaver (Vaults:3)
  2 frost giants
  5 vault wardens
  2 orc warlords (Orc:2)
  Aizul (Snake:1)
  5 ironheart preservers
  The ghost of acebull12 the Fencer, a journeyman FoFi of Okawaru (Snake:3)
  3 stone giants
  2 very ugly things (Vaults:2)
  A dire elephant (Lair:6)
  An ettin (D:15)
  Josephine (D:15)
  6 ogre magi
  20 hydras
  2 ice dragons
  5 yaktaur captains
  A hydra (shapeshifter) (D:15)
  Harold (Lair:3)
  29 naga warriors
  A rakshasa (Vaults:3)
  8 vault guards
  3 ghost crabs
  A death knight (Vaults:3)
  9 anacondas
  8 centaur warriors
  16 two-headed ogres
  12 alligators
  11 death yaks
  3 tengu warriors
  A dancing weapon (Vaults:1)
  11 shock serpents
  4 orc high priests (Orc:2)
  A sun demon (Lair:6)
  26 naga sharpshooters
  2 deep elf knights
  A skeletal warrior (D:15)
  2 sea snakes (Snake:1)
  A shadow wraith (D:13)
  A storm dragon skeleton (Vaults:3)
  A spriggan druid (Swamp:3)
  2 deep trolls
  6 unseen horrors
  An obsidian statue (Vaults:2)
  A shambling mangrove (Swamp:3)
  6 naga ritualists
  7 swamp dragons
  3 wizards
  11 orc knights
  2 deep elf archers
  8 ironbrand convokers
  3 harpies (Vaults:2)
  3 phantasmal warriors
  A lindwurm (shapeshifter) (D:15)
  6 necromancers
  2 wolf spiders (D:15)
  11 mana vipers
  5 orc sorcerers (Orc:2)
  9 cyclopes
  10 deep elf magi
  8 ugly things
  3 manticores
  8 salamanders
  Maurice (D:8)
  A human skeleton (Vaults:3)
  Joseph (D:8)
  28 black mambas
  A frost giant skeleton (Vaults:3)
  An elephant (Lair:6)
  6 guardian serpents
  28 naga magi
  4 vault sentinels
  3 ice statues (IceCv)
  11 spiny frogs
  Psyche (D:8)
  4 gargoyles
  A torpor snail (Lair:5)
  2 orange demons (Lair:6)
  7 rime drakes
  9 komodo dragons
  A kobold demonologist (D:15)
  An efreet (D:13)
  22 yaktaurs
  A hellwing (Lair:6)
  4 freezing wraiths
  2 red devils (Lair:6)
  11 ice devils
  13 trolls
  A troll (shapeshifter) (D:15)
  10 hornets
  5 tyrant leeches
  3 bog bodies
  29 slime creatures
  A hornet (shapeshifter) (Vaults:2)
  11 hippogriffs
  A raiju (shapeshifter) (Vaults:2)
  A sphinx simulacrum (Vaults:2)
  13 blink frogs
  Grinder (D:6)
  6 dream sheep (Lair:4)
  A hippogriff (shapeshifter) (D:15)
  2 tarantellas (shapeshifter)
  A redback (D:15)
  10 spriggans
  An ettin skeleton (Vaults:3)
  8 wraiths
  8 wyverns
  39 yaks
  4 shadows
  3 basilisks
  Eustachio (D:5)
  Grum (Lair:1)
  Menkaure (D:5)
  A yaktaur simulacrum (Vaults:1)
  2 hungry ghosts
  12 vampire mosquitoes
  5 wargs
  15 swamp worms
  14 insubstantial wisps
  An elf skeleton (Vaults:1)
  4 acid dragons
  13 water moccasins
  A soldier ant (D:14)
  4 hell hounds (Lair:6)
  7 porcupines
  70 nagas
  Duvessa (D:6)
  3 ice beasts
  An orc zombie (Vaults:2)
  37 orc warriors
  2 sky beasts
  A hornet zombie (D:6)
  A necrophage (D:6)
  2 black bears
  2 black bears (shapeshifter) (Vaults:1)
  2 human zombies
  An elephant zombie (Lair:3)
  12 swamp drakes
  A phantom (D:4)
  31 ogres
  9 wolves
  10 boggarts
  20 centaurs
  6 crocodiles
  A crocodile (shapeshifter) (D:15)
  Blork the orc (D:5)
  19 bullfrogs
  A yaktaur zombie (Vaults:1)
  2 gnoll sergeants
  Dowan (D:6)
  A deep troll simulacrum (Vaults:2)
  4 scorpions
  16 killer bees
  4 wights
  4 howler monkeys
  4 electric eels
  4 crimson imps
  4 centaur zombies
  2 quasits (D:11)
  2 draconian simulacra (IceCv)
  A basilisk zombie (Lair:3)
  4 hounds
  4 jellies
  25 orc priests
  A bullfrog skeleton (D:7)
  3 iguanas
  7 centaur skeletons
  Ijyb (D:3)
  Natasha (thrice) (D:3)
  4 polar bear simulacra (D:14)
  A spriggan simulacrum (IceCv)
  15 worker ants
  35 orc wizards
  4 troll simulacra (IceCv)
  2 wolf simulacra (D:14)
  3 yak simulacra (D:14)
  A crocodile zombie (Lair:3)
  2 centaur simulacra (IceCv)
  5 gnolls (D:8)
  13 adders
  3 river rats (D:5)
  A naga simulacrum (IceCv)
  4 shadow imps
  2 oozes (D:3)
  An adder zombie (D:6)
  5 adder skeletons
  7 worms
  3 dart slugs
  5 leopard geckos
  101 orcs
  3 ball pythons
  6 giant cockroaches
  7 goblins
  9 hobgoblins
  14 jackals
  11 kobolds
  4 quokkas
  A ball python zombie (D:5)
  6 bats
  4 frilled lizards
  A leopard gecko skeleton (D:4)
  12 rats
  2 river rat simulacra (D:14)
  2 bushes (Lair:6)
  4 fungi
  3 plants (Snake:1)
1388 creatures vanquished.

Vanquished Creatures (others)
  Asterion (Vaults:1)
  A great orb of eyes (D:15)
  2 anacondas
  A catoblepas (D:15)
  An alligator (Swamp:3)
  A naga sharpshooter (Snake:1)
  A centaur skeleton (D:15)
  A slime creature (Swamp:2)
  A blink frog (Lair:6)
  A vampire mosquito (Swamp:3)
  2 insubstantial wisps
  A crimson imp (D:15)
  10 fungi
  A plant (Lair:2)
  3 withered plants (D:5)
28 creatures vanquished.

Grand Total: 1416 creatures vanquished

Notes
Turn   | Place    | Note
-------+----------+-------------------------------------------
     0 | D:1      | Lianjan the Deep Elf Fire Elementalist began the quest for the Orb.
     0 | D:1      | Reached XP level 1. HP: 10/10 MP: 6/6
   137 | D:1      | Reached XP level 2. HP: 15/15 MP: 2/8
   547 | D:1      | Reached XP level 3. HP: 18/19 MP: 0/10
   760 | D:1      | Learned a level 3 spell: Conjure Flame
   764 | D:1      | Learned a level 3 spell: Inner Flame
  1560 | D:2      | Reached XP level 4. HP: 24/24 MP: 7/11
  1759 | D:3      | Reached skill level 4 in Spellcasting
  1917 | D:3      | Noticed Ijyb
  1932 | D:3      | Killed Ijyb
  1932 | D:3      | Reached skill level 5 in Fire Magic
  1932 | D:3      | Reached XP level 5. HP: 28/28 MP: 2/13
  2225 | D:3      | Learned a level 4 spell: Sticky Flame
  2265 | D:3      | Noticed Natasha
  2270 | D:3      | Killed Natasha
  2402 | D:3      | Noticed Natasha
  2411 | D:3      | Killed Natasha
  2441 | D:3      | Reached skill level 5 in Spellcasting
  2441 | D:3      | Reached XP level 6. HP: 22/32 MP: 8/15
  2677 | D:3      | Noticed Natasha
  2684 | D:3      | Killed Natasha
  2812 | D:4      | Found a staircase to the Ecumenical Temple.
  2817 | Temple   | Entered the Ecumenical Temple
  2832 | Temple   | Became a worshipper of Vehumet
  3507 | D:4      | Learned a level 5 spell: Fireball
  3694 | D:5      | Entered Level 5 of the Dungeon
  3738 | D:5      | Noticed a wraith
  3747 | D:5      | Reached XP level 7. HP: 29/36 MP: 17/17
  3760 | D:5      | Killed a wraith
  3760 | D:5      | Reached skill level 6 in Spellcasting
  3869 | D:5      | Noticed Eustachio
  3878 | D:5      | Killed Eustachio
  3892 | D:5      | Reached skill level 5 in Conjurations
  3892 | D:5      | Reached XP level 8. HP: 41/41 MP: 4/20
  4136 | D:5      | Noticed Menkaure
  4147 | D:5      | Killed Menkaure
  4147 | D:5      | Reached skill level 7 in Spellcasting
  4534 | D:5      | Noticed Blork the orc
  4542 | D:5      | Killed Blork the orc
  4828 | D:5      | Reached * piety under Vehumet
  4828 | D:5      | Offered knowledge of Magic Dart by Vehumet.
  4907 | D:5      | Found a runed gate.
  4920 | D:5      | Found a runed gate.
  4920 | D:5      | Found a runed gate.
  4924 | D:5      | Noticed wevryn's ghost (novice OpFi)
  4926 | D:5      | Noticed spacecwb's ghost (novice GrMo)
  5465 | D:6      | Noticed Grinder
  5479 | D:6      | Reached skill level 8 in Spellcasting
  5482 | D:6      | Killed Grinder
  5642 | D:6      | Reached XP level 9. HP: 38/45 MP: 23/23
  5735 | D:6      | Found a sparkling altar of Nemelex Xobeh.
  5854 | D:6      | Reached skill level 10 in Fire Magic
  5889 | D:6      | Noticed Dowan
  5890 | D:6      | Noticed Duvessa
  5895 | D:6      | Killed Duvessa
  5896 | D:6      | Killed Dowan
  6113 | D:6      | Reached ** piety under Vehumet
  6236 | D:6      | Offered knowledge of Throw Frost by Vehumet.
  6717 | D:7      | Reached skill level 9 in Spellcasting
  6922 | D:7      | Reached skill level 1 in Fighting
  7093 | D:7      | Offered knowledge of Static Discharge by Vehumet.
  7490 | D:7      | Reached *** piety under Vehumet
  7600 | D:7      | Reached XP level 10. HP: 52/52 MP: 25/25
  7840 | D:8      | Noticed Psyche
  7845 | D:8      | Killed Psyche
  8085 | D:8      | Noticed Joseph
  8089 | D:8      | Killed Joseph
  8119 | D:8      | Learned a level 3 spell: Mephitic Cloud
  8122 | D:8      | Learned a level 2 spell: Blink
  8401 | D:8      | Noticed Maurice
  8410 | D:8      | Killed Maurice
  8410 | D:8      | Reached skill level 1 in Translocations
  8550 | D:8      | Noticed Gastronok
  8558 | D:8      | Killed Gastronok
  8558 | D:8      | Reached skill level 5 in Dodging
  8558 | D:8      | Reached skill level 10 in Spellcasting
  8574 | D:8      | Offered knowledge of Throw Icicle by Vehumet.
  9332 | D:9      | Found a transporter.
  9345 | D:9      | Found a transporter.
  9345 | D:9      | Noticed vinnietd's ghost (novice TrMo)
  9365 | D:9      | Found a staircase to the Lair.
  9477 | D:9      | Reached **** piety under Vehumet
  9635 | D:9      | Reached XP level 11. HP: 59/59 MP: 22/27
  9870 | D:9      | Offered knowledge of Irradiate by Vehumet.
  9870 | D:9      | Reached skill level 10 in Conjurations
 10172 | D:10     | Entered Level 10 of the Dungeon
 10220 | D:10     | Found Qumogent's Food Shop.
 10477 | D:10     | Learned a level 3 spell: Regeneration
 10514 | D:10     | Found a staircase to the Orcish Mines.
 10663 | D:10     | Found a transporter.
 10670 | D:10     | Noticed wevryn's ghost (journeyman DEFE)
 10693 | D:10     | Found a transporter.
 10771 | D:10     | Reached skill level 1 in Necromancy
 11012 | D:11     | Reached skill level 11 in Spellcasting
 11396 | D:11     | Noticed an unseen horror
 11401 | D:11     | Killed an unseen horror
 11421 | D:11     | Noticed a brown ugly thing
 11438 | D:10     | Killed a brown ugly thing
 11610 | D:11     | Noticed an unseen horror
 11618 | D:11     | Killed an unseen horror
 11618 | D:11     | Reached skill level 5 in Fighting
 11779 | D:11     | Reached ***** piety under Vehumet
 11796 | D:11     | Offered knowledge of Yara's Violent Unravelling by Vehumet.
 12316 | D:11     | Reached skill level 1 in Charms
 12618 | D:11     | Reached skill level 12 in Spellcasting
 12777 | Lair:1   | Entered Level 1 of the Lair of Beasts
 12821 | Lair:1   | Noticed a seven-headed hydra
 12847 | Lair:1   | Killed a seven-headed hydra
 12982 | Lair:1   | Reached XP level 12. HP: 67/67 MP: 30/30
 13068 | Lair:1   | Noticed a six-headed hydra
 13073 | Lair:1   | Killed a six-headed hydra
 13551 | Lair:1   | Noticed Grum
 13557 | Lair:1   | Killed Grum
 13587 | Lair:1   | Reached skill level 5 in Charms
 13991 | Lair:1   | Found the +6 lightning scales {run, rElec}
 14202 | Lair:2   | Found a staircase to the Swamp.
 14327 | Lair:2   | Found a runed door.
 14327 | Lair:2   | Noticed skunkjim's ghost (journeyman DrBe)
 14368 | Lair:2   | Reached skill level 13 in Spellcasting
 14702 | Lair:2   | Noticed a four-headed hydra
 14705 | Lair:2   | Killed a four-headed hydra
 14705 | Lair:2   | Reached skill level 10 in Dodging
 15058 | Lair:2   | Noticed a seven-headed hydra
 15061 | Lair:2   | Killed a seven-headed hydra
 15567 | Lair:3   | Learned a level 5 spell: Bolt of Magma
 15575 | Lair:3   | Learned a level 7 spell: Orb of Destruction
 15646 | Lair:3   | Found a frozen archway.
 15696 | IceCv    | Entered an ice cave
 15946 | IceCv    | Identified a scroll of acquirement
 15947 | IceCv    | Got a brightly glowing cloak
 15958 | IceCv    | Identified the +1 cloak of Zin's Condemnation {*Corrode rF+++ rC+++} (You acquired it in an ice cave)
 16100 | IceCv    | Reached XP level 13. HP: 75/75 MP: 14/32
 16271 | IceCv    | Offered knowledge of Bolt of Fire by Vehumet.
 16281 | IceCv    | Learned a level 6 spell: Bolt of Fire
 16440 | Lair:3   | Noticed Harold
 16614 | Lair:3   | Killed Harold
 16663 | Lair:3   | Found a staircase to the Snake Pit.
 16731 | Lair:3   | Reached skill level 14 in Spellcasting
 16907 | Lair:3   | Noticed Rupert
 16912 | Lair:3   | Killed Rupert
 18220 | Lair:4   | Got a pair of warped gloves
 18231 | Lair:4   | Identified the +0 pair of gloves "Gaxiojal" {rPois rCorr Int-5 Dex-5} (You acquired it on level 4 of the Lair of Beasts)
 19424 | Lair:5   | Offered knowledge of Lightning Bolt by Vehumet.
 19902 | Lair:6   | Entered Level 6 of the Lair of Beasts
 20254 | Lair:6   | Reached XP level 14. HP: 74/83 MP: 16/34
 21144 | Lair:6   | Found a staircase to the Slime Pits.
 21431 | Lair:6   | Reached skill level 15 in Spellcasting
 22068 | Lair:6   | Learned a level 6 spell: Iron Shot
 22696 | Lair:6   | Found a burning altar of Makhleb.
 22702 | Lair:6   | Found a gateway to Hell.
 23030 | Orc:1    | Entered Level 1 of the Orcish Mines
 23380 | Orc:2    | Entered Level 2 of the Orcish Mines
 24051 | Orc:2    | Noticed an orc warlord
 24058 | Orc:2    | Killed an orc warlord
 24060 | Orc:2    | Offered knowledge of Bolt of Draining by Vehumet.
 24336 | Orc:2    | Found a roughly hewn altar of Beogh.
 24459 | Orc:2    | Noticed an orc warlord
 24472 | Orc:2    | Killed an orc warlord
 24785 | Orc:2    | Found a staircase to the Elven Halls.
 25612 | Orc:2    | Found Feetyze's Weapon Emporium.
 25612 | Orc:2    | Found Yleogode's Food Emporium.
 25613 | Orc:2    | Found Paamyxza's Armour Boutique.
 25619 | Orc:2    | Found Hysk's Distillery.
 26357 | D:12     | Found a glowing golden altar of the Shining One.
 26357 | D:12     | Found a runed door.
 26357 | D:12     | Noticed an angel
 26477 | D:12     | Reached XP level 15. HP: 89/89 MP: 17/36
 27098 | D:13     | Reached ****** piety under Vehumet
 27589 | D:13     | Offered knowledge of Bolt of Cold by Vehumet.
 27847 | D:13     | Found a gate to the Vaults.
 27876 | D:13     | Found Bymuomat's General Store.
 28192 | D:13     | Found Iguqy's Jewellery Boutique.
 28197 | D:13     | Bought the ring of the Foremost Gods {Fire Int+3} for 459 gold pieces
 29184 | D:14     | Reached skill level 16 in Spellcasting
 29250 | D:14     | Identified Saedauxe's Collected Works on Supportive Toxins
 29409 | D:15     | Entered Level 15 of the Dungeon
 29509 | D:15     | Found an ancient bone altar of Kikubaaqudgha.
 29509 | D:15     | Found a shattered altar of Ashenzari.
 29736 | D:15     | Found a bloodstained altar of Trog.
 30103 | D:15     | Found a staircase to the Depths.
 30201 | D:15     | Noticed Josephine
 30204 | D:15     | Killed Josephine
 30204 | D:15     | Reached skill level 10 in Fighting
 30398 | D:15     | Offered knowledge of Poison Arrow by Vehumet.
 30958 | D:15     | Reached skill level 15 in Fire Magic
 31099 | D:15     | Reached XP level 16. HP: 96/96 MP: 28/38
 31728 | D:15     | Noticed a storm dragon
 32568 | D:15     | Got a pair of warped boots
 32579 | D:15     | Identified the +1 pair of boots "Jopazuyp" {rF+ Stlth+} (You acquired it on level 15 of the Dungeon)
 33019 | D:15     | Found a shattered altar of Ashenzari.
 33020 | D:15     | Found an ancient bone altar of Kikubaaqudgha.
 33021 | D:15     | Found a bloodstained altar of Trog.
 33411 | D:15     | Found a staircase to the Depths.
 33744 | Swamp:1  | Entered Level 1 of the Swamp
 34826 | Swamp:1  | Offered knowledge of Ozocubu's Refrigeration by Vehumet.
 35316 | Swamp:2  | Reached skill level 17 in Spellcasting
 36711 | Swamp:3  | Reached skill level 15 in Dodging
 37735 | Swamp:4  | Entered Level 4 of the Swamp
 37837 | Swamp:4  | Noticed a thorn hunter
 37840 | Swamp:4  | Killed a thorn hunter
 38023 | Swamp:4  | Offered knowledge of Glaciate by Vehumet.
 38023 | Swamp:4  | Offered knowledge of Shatter by Vehumet.
 38023 | Swamp:4  | Offered knowledge of Ignition by Vehumet.
 38023 | Swamp:4  | Reached XP level 17. HP: 103/103 MP: 29/40
 38095 | Swamp:3  | Learned a level 8 spell: Ignition
 39145 | Swamp:4  | Noticed the 27-headed Lernaean hydra
 39167 | Swamp:4  | Killed the 27-headed Lernaean hydra
 39834 | Swamp:4  | Got a decaying rune of Zot
 40296 | Snake:1  | Entered Level 1 of the Snake Pit
 40638 | Snake:1  | Reached skill level 1 in Armour
 41234 | Snake:1  | Noticed Aizul
 41241 | Snake:1  | Killed Aizul
 41262 | Lair:3   | Reached skill level 18 in Spellcasting
 43465 | Snake:2  | Found Adoyk's Antique Armour Boutique.
 43568 | Snake:2  | Bought a pair of embroidered boots for 232 gold pieces
 44515 | Snake:3  | Found Nuolo's General Store.
 44555 | Snake:3  | Bought a ration for 70 gold pieces
 44770 | Snake:3  | Reached XP level 18. HP: 92/111 MP: 26/42
 44848 | Snake:3  | Reached skill level 10 in Charms
 45097 | Snake:3  | Found a runed door.
 45100 | Snake:3  | Noticed acebull12's ghost (journeyman FoFi)
 45115 | Snake:3  | Killed acebull12's ghost
 45798 | Snake:3  | Reached skill level 1 in Air Magic
 45916 | Snake:4  | Entered Level 4 of the Snake Pit
 46792 | Snake:4  | Found Suugimum's Book Shop.
 47778 | Snake:4  | Reached skill level 5 in Air Magic
 47955 | Snake:4  | Reached skill level 19 in Spellcasting
 47966 | Snake:4  | Reached skill level 5 in Armour
 49703 | Snake:4  | Reached XP level 19. HP: 95/117 MP: 13/44
 50198 | Snake:4  | Got a serpentine rune of Zot
 50331 | Snake:3  | Learned a level 6 spell: Deflect Missiles
 50533 | Vaults:1 | Entered Level 1 of the Vaults
 52077 | Vaults:1 | Noticed Asterion
 52101 | Vaults:1 | Killed Asterion
 52809 | Vaults:1 | Noticed Jorgrun
 52818 | Vaults:1 | Killed Jorgrun
 52839 | Vaults:1 | Noticed Nikola
 52994 | Vaults:1 | Killed Nikola
 54088 | Vaults:2 | Noticed Donald
 54427 | Vaults:2 | Reached skill level 20 in Spellcasting
 54427 | Vaults:2 | Reached skill level 10 in Air Magic
 56063 | Vaults:3 | Reached XP level 20. HP: 103/124 MP: 24/46
 56515 | Vaults:3 | Paralysed by a hornet for 3 turns
 56520 | Vaults:3 | Slain by a cyan very ugly thing

Vault maps used:
D:1:      mrwooster_arrival_statue_2, minmay_split_cup_large
D:2:      corner_web_ring, minmay_misc_feat_more_columns
D:3:      uniq_ijyb, uniq_natasha
D:4:      minmay_temple_entry_overgrown, hex_large
D:5:      lightli_sewer_entry_pipes, gammafunk_ghost_cemetery, first_ration,
          uniq_blork_the_orc, uniq_eustachio, uniq_menkaure
D:6:      lemuel_doored_altar, minivault_26, uniq_grinder, uniq_duvessa
D:8:      uniq_gastronok, uniq_maurice, uniq_psyche, uniq_joseph
D:9:      lair_entry_dummy, gammafunk_ghost_arena, the_bakery,
          hangedman_decor_clover_reticule
D:10:     orc_0_dummy, serial_shops, nicolae_shop_statue_plus,
          gammafunk_ghost_stat_death
D:12:     lemuel_angel_altar
D:13:     lightli_vaults_fourway_checkpoint, serial_shops, kennysheep_mini_moat,
          kennysheep_little_box
D:14:     eino_house_with_fridge
D:15:     hangedman_slaughterboxes, uniq_josephine
Temple:   nicolae_temple_the_god_donut
Lair:1:   minmay_lair_oklob_chamber, uniq_grum
Lair:2:   swamp_mist, hellmonk_ghost_happy_afterlife
Lair:3:   pond_and_an_island_with_a_cottage, guppyfry_snake_entry_island,
          portal_ice_cave_demonic_guard, minivault_27,
          infiniplex_staircase_pool_2, uniq_harold, uniq_rupert
Lair:5:   beast_lair_carwin_6, grunt_megastairs_3
Lair:6:   evil_forest, minmay_slime_entry_pillars, serial_bayou_shore_b
Swamp:1:  nicolae_swamp_treefoil, swamp_pool4
Swamp:2:  evilmike_swamp_ruin_house_1
Swamp:3:  evilmike_swamp_ruin_rubble_2, swamp_pool3, infiniplex_staircase_pool
Swamp:4:  swamp_old_school, swamp_pool1
Snake:1:  serial_bayou_shore_a, uniq_aizul
Snake:2:  special_room, serial_shops, shop, grunt_ministairs_11,
          serial_bayou_pond_d, grunt_megastairs_1
Snake:3:  nicolae_snake_hallway, ebering_ghost_reflecting_pool, serial_shops,
          nicolae_shop_window_shopping
Snake:4:  grunt_snake_rune_spirals, serial_shops, shop
Orc:2:    st_orc_elflike, bh_open_orc_temple
Vaults:1: v_misc_24, vaults_room_octagon, v_misc_5, nicolae_vaults_what_the_h,
          vaults_dpeg_hooks, ontoclasm_vaults_gateway,
          ontoclasm_vaults_loading_screen, uniq_asterion, uniq_nikola,
          uniq_jorgrun
Vaults:2: nicolae_vaults_sealed_display, v_misc_5, nicolae_vaults_little_ls,
          nicolae_vaults_statue_guard, hangedman_vaults_cutoff,
          grunt_vaults_twisty, vaults_room_pools, vaults_dpeg_encased_lava,
          nicolae_vaults_network_quincunx, v_misc_5, uniq_donald
Vaults:3: nicolae_vaults_bisected_exclaves,
          minmay_guarded_unrand_secular_launcher, hangedman_vaults_unwind,
          vaults_mumra_hexcomb, vaults_room_boxed, v_rooms_1, v_pattern_4,
          v_alt_pattern_1, vaults_room_stairs_pillars,
          grunt_vaults_hallway_short
IceCv:    ice_cave_tombish

Skill      XL: |  1  2  3  4  5  6  7  8  9 10 11 12 13 14 15 16 17 18 19 20 |
---------------+-------------------------------------------------------------+-----
Fire Magic     | 4 5 6 7 9 11 13 15 16 17 | 17.7
Conjurations   | 2 3 4 5 6 8 9 10 12 13 14 | 14.0
Spellcasting   | 4 5 6 8 9 10 12 13 14 15 16 17 18 19 20 | 20.3
Dodging        | 3 6 8 10 12 13 14 15 | 15.5
Fighting       | 1 3 5 7 8 9 10 11 12 13 | 13.3
Translocations | 3 |  3.8
Necromancy     | 4 |  4.4
Charms         | 3 5 9 10 | 10.0
Armour         | 3 5 7 |  7.7
Air Magic      | 7 10 11 | 11.1
Stealth        | |  2.4

Action                   |  1- 3 |  4- 6 |  7- 9 | 10-12 | 13-15 | 16-18 | 19-21 || total
-------------------------+-------+-------+-------+-------+-------+-------+-------++-------
Melee: Unarmed           |     1 |       |       |       |       |       |       ||     1
       Dagger            |     6 |       |       |       |       |       |       ||     6
       Hand axe          |       |     2 |     3 |    10 |    85 |   133 |       ||   233
       Staff             |       |       |       |       |       |     2 |    25 ||    27
Throw: Stone             |       |       |       |    16 |       |       |       ||    16
       Tomahawk          |       |       |       |       |     4 |       |       ||     4
 Cast: Flame Tongue      |    82 |   104 |   239 |   205 |    88 |    54 |    22 ||   794
       Conjure Flame     |       |     1 |    16 |    26 |    14 |     2 |       ||    59
       Sticky Flame      |       |     1 |    19 |    35 |    38 |    29 |    13 ||   135
       Inner Flame       |       |       |     2 |     7 |     3 |       |       ||    12
       Fireball          |       |       |    13 |   151 |   440 |   606 |   216 ||  1426
       Mephitic Cloud    |       |       |       |     4 |     9 |       |     1 ||    14
       Blink             |       |       |       |     3 |     8 |    17 |     7 ||    35
       Orb of Destructio |       |       |       |       |    10 |     9 |    13 ||    32
       Bolt of Fire      |       |       |       |       |    31 |    12 |     6 ||    49
       Iron Shot         |       |       |       |       |    32 |    30 |     6 ||    68
       Ignition          |       |       |       |       |       |     2 |     4 ||     6
       Regeneration      |       |       |       |       |       |       |     3 ||     3
       Deflect Missiles  |       |       |       |       |       |       |     3 ||     3
Evoke: Wand              |       |       |       |       |     2 |     2 |     6 ||    10
       Lamp of fire      |       |       |       |       |       |     2 |       ||     2
       Staff of energy   |       |       |       |       |       |     1 |     1 ||     2
  Use: Scroll            |       |     8 |     4 |    16 |    11 |    11 |     4 ||    54
       Potion            |       |       |       |       |       |     2 |     2 ||     4
 Stab: Sleeping          |       |       |       |       |     1 |       |       ||     1
  Eat: Chunk             |     2 |     6 |    16 |    34 |    59 |    23 |    10 ||   150
       Ration            |       |       |       |     3 |    10 |    13 |     3 ||    29
Armor: Robe              |    17 |     5 |    22 |    31 |    30 |    27 |       ||   132
       Swamp dragon scal |       |       |       |       |       |    38 |     4 ||    42
       Quicksilver drago |       |       |       |       |       |       |    36 ||    36
       Skin              |       |       |       |       |       |       |     5 ||     5
Dodge: Dodged            |    45 |    18 |    54 |   109 |   193 |   350 |   117 ||   886
       Deflected         |       |       |       |       |       |       |    18 ||    18
Block: Other             |       |       |       |       |     3 |       |       ||     3

Table legend:
 A = Spawn XP
 B = Non-spawn XP
 C = Spawn XP percentage of total XP
 D = Spawn monster count
 E = Non-spawn monster count
 F = Spawn count percentage of total count
 G = Total turns spent on level
                    A         B        C        D         E        F      G
               +---------+---------+-------+---------+---------+-------+---------
         Total |       0 |  489900 |   0.0 |       0 |    1393 |   0.0 | 56520
               +---------+---------+-------+---------+---------+-------+---------
           D:1 |       0 |      46 |   0.0 |       0 |      26 |   0.0 |   851
           D:2 |       0 |      51 |   0.0 |       0 |      28 |   0.0 |   892
           D:3 |       0 |     329 |   0.0 |       0 |      27 |   0.0 |  1018
           D:4 |       0 |     298 |   0.0 |       0 |      11 |   0.0 |   904
           D:5 |       0 |    1480 |   0.0 |       0 |      33 |   0.0 |  1597
           D:6 |       0 |    1606 |   0.0 |       0 |      32 |   0.0 |  1422
           D:7 |       0 |    1721 |   0.0 |       0 |      38 |   0.0 |  1126
           D:8 |       0 |    4914 |   0.0 |       0 |      28 |   0.0 |  1455
           D:9 |       0 |    1251 |   0.0 |       0 |      25 |   0.0 |  1304
          D:10 |       0 |    2808 |   0.0 |       0 |      25 |   0.0 |  1256
          D:11 |       0 |    6077 |   0.0 |       0 |      39 |   0.0 |  1601
          D:12 |       0 |    4195 |   0.0 |       0 |      16 |   0.0 |   926
          D:13 |       0 |   18859 |   0.0 |       0 |      54 |   0.0 |  2163
          D:14 |       0 |    7465 |   0.0 |       0 |      33 |   0.0 |   895
          D:15 |       0 |   43360 |   0.0 |       0 |      89 |   0.0 |  4205
        Lair:1 |       0 |    6198 |   0.0 |       0 |      24 |   0.0 |  1497
        Lair:2 |       0 |    7106 |   0.0 |       0 |      24 |   0.0 |  1824
        Lair:3 |       0 |   13180 |   0.0 |       0 |      35 |   0.0 |  2726
        Lair:4 |       0 |    3241 |   0.0 |       0 |      12 |   0.0 |   909
        Lair:5 |       0 |    9350 |   0.0 |       0 |      26 |   0.0 |  1971
        Lair:6 |       0 |   18489 |   0.0 |       0 |      50 |   0.0 |  1963
       Swamp:1 |       0 |   10095 |   0.0 |       0 |      28 |   0.0 |  1245
       Swamp:2 |       0 |   10124 |   0.0 |       0 |      27 |   0.0 |  1402
       Swamp:3 |       0 |   15690 |   0.0 |       0 |      40 |   0.0 |  2295
       Swamp:4 |       0 |   27860 |   0.0 |       0 |      46 |   0.0 |  1594
       Snake:1 |       0 |   25430 |   0.0 |       0 |      44 |   0.0 |  1509
       Snake:2 |       0 |   17147 |   0.0 |       0 |      30 |   0.0 |  1603
       Snake:3 |       0 |   20888 |   0.0 |       0 |      37 |   0.0 |  2457
       Snake:4 |       0 |   80756 |   0.0 |       0 |     128 |   0.0 |  3452
         Orc:1 |       0 |    2863 |   0.0 |       0 |      35 |   0.0 |  1189
         Orc:2 |       0 |   18985 |   0.0 |       0 |     113 |   0.0 |  1991
      Vaults:1 |       0 |   50605 |   0.0 |       0 |      87 |   0.0 |  2383
      Vaults:2 |       0 |   26539 |   0.0 |       0 |      45 |   0.0 |  1554
      Vaults:3 |       0 |   25913 |   0.0 |       0 |      36 |   0.0 |   591
         IceCv |       0 |    4981 |   0.0 |       0 |      22 |   0.0 |   721
               +---------+---------+-------+---------+---------+-------+---------
